General information
- name: BNet
- type: Ladder team game (AT/RT)
- host: Battle.net
- saver: RaidersOfLostBM
map: Deadlock
- players: 8
- length: 26:24
- speed: Fast
- version: 1.26 W3XP
- replay type: Public
» download(211 KB)
Players
team 1 (loser)
xavier8 (
green | 55 APM | 1442 actions | 26:02)
6 Pandaren Brewmaster
3 Drunken Haze
2 Breath of Fire
1 Storm Earth and Fire
5 Shadow Hunter
2 Healing Wave
3 Hex
» actions
| Assign group hotkey | 17 | |
| Build / train | 78 | |
| Enter build submenu | 28 | |
| Enter hero's abilities submenu | 12 | |
| Give item / drop item | 3 | |
| Remove unit from queue | 4 | |
| Right click | 656 | |
| Select / deselect | 510 | |
| Select group hotkey | 19 | |
| Use ability | 115 | |
1442 total
» units
| Peon | 24 | |
| Grunt | 4 | |
| Wind Rider | 9 | |
| Troll Batrider | 2 | |
39 total
» upgrades
| Melee Weapons | 1 | |
| Pillage | 1 | |
| Ranged Weapons | 3 | |
| Envenomed Spears | 1 | |
| Armor | 3 | |
9 total
» buildings
| Altar of Storms | 1 | |
| Orc Burrow | 7 | |
| Barracks | 1 | |
| Voodoo Lounge | 1 | |
| Stronghold | 2 | |
| War Mill | 2 | |
| Great Hall | 2 | |
| Watch Tower | 5 | |
| Fortress | 1 | |
| Beastiary | 4 | |
26 total
» build order
00:14 Altar of Storms
00:20 Orc Burrow
00:42 Barracks
01:41 Orc Burrow
02:05 Voodoo Lounge
02:34 Orc Burrow
03:21 Stronghold
03:54 War Mill
04:26 Orc Burrow
04:57 Great Hall
05:42 Watch Tower
05:56 Watch Tower
07:12 Fortress
08:14 Great Hall
08:30 Beastiary
08:33 Beastiary
12:28 War Mill
12:57 Beastiary
13:24 Orc Burrow
13:36 Orc Burrow
14:04 Beastiary
14:51 Watch Tower
15:20 Watch Tower
15:25 Watch Tower
19:45 Orc Burrow
» items
| Potion of Healing | 1 | |
| Healing Salve | 3 | |
| Lesser Clarity Potion | 3 | |
| Tiny Great Hall | 3 | |
| Potion of Mana | 1 | |
| Scroll of Speed | 1 | |
12 total
unknown_noob (
orange | 55 APM | 1461 actions | 26:23)
7 Death Knight
3 Death Coil
3 Unholy Aura
1 Animate Dead
» actions
| Assign group hotkey | 15 | |
| Basic commands | 8 | |
| Build / train | 34 | |
| Enter build submenu | 19 | |
| Enter hero's abilities submenu | 7 | |
| Right click | 571 | |
| Select / deselect | 143 | |
| Select group hotkey | 607 | |
| Use ability | 57 | |
1461 total
» units
| Acolyte | 4 | |
| Ghoul | 4 | |
| Frost Wyrm | 9 | |
17 total
» upgrades
| Creature Attack | 2 | |
| Creature Carapace | 2 | |
| Freezing Breath | 1 | |
5 total
» buildings
| Crypt | 1 | |
| Graveyard | 1 | |
| Ziggurat | 7 | |
| Halls of the Dead | 1 | |
| Altar of Darkness | 1 | |
| Tomb of Relics | 1 | |
| Black Citadel | 1 | |
| Sacrificial Pit | 1 | |
| Nerubian Tower | 1 | |
| Boneyard | 3 | |
| Necropolis | 1 | |
19 total
» build order
00:12 Crypt
00:29 Graveyard
00:44 Ziggurat
02:11 Halls of the Dead
02:28 Altar of Darkness
02:38 Ziggurat
03:28 Tomb of Relics
03:33 Ziggurat
04:33 Black Citadel
04:43 Sacrificial Pit
04:47 Ziggurat
05:41 Nerubian Tower
07:12 Boneyard
07:14 Boneyard
07:16 Boneyard
07:42 Ziggurat
07:45 Ziggurat
08:51 Ziggurat
21:46 Necropolis
» items
HattoriHanzO (
yellow | 66 APM | 1599 actions | 24:10)
7 Keeper of the Grove
2 Force of Nature
3 Thorns Aura
1 Entangling Roots
1 Tranquility
» actions
| Assign group hotkey | 25 | |
| Basic commands | 291 | |
| Build / train | 131 | |
| Enter build submenu | 27 | |
| Enter hero's abilities submenu | 7 | |
| Remove unit from queue | 1 | |
| Right click | 327 | |
| Select / deselect | 360 | |
| Select group hotkey | 366 | |
| Use ability | 64 | |
1599 total
» units
| Wisp | 29 | |
| Archer | 20 | |
| Glaive Thrower | 9 | |
| Huntress | 41 | |
99 total
» upgrades
| Strength of the Moon | 2 | |
| Moon Armor | 2 | |
| Vorpal Blades | 1 | |
| Upgrade Moon Glaive | 1 | |
6 total
» buildings
| Ancient of War | 6 | |
| Altar of Elders | 2 | |
| Moon Well | 9 | |
| Hunter's Hall | 1 | |
| Tree of Life | 2 | |
| Tree of Ages | 4 | |
| Ancient Protector | 7 | |
| Tree of Eternity | 4 | |
35 total
» build order
00:07 Ancient of War
00:10 Altar of Elders
00:13 Moon Well
00:23 Ancient of War
01:22 Moon Well
02:50 Ancient of War
02:57 Moon Well
04:41 Hunter's Hall
05:08 Tree of Life
05:37 Moon Well
07:55 Tree of Life
10:17 Tree of Ages
10:18 Tree of Ages
10:18 Tree of Ages
12:04 Ancient Protector
12:07 Ancient Protector
12:12 Ancient Protector
12:15 Ancient Protector
12:18 Ancient Protector
12:26 Ancient Protector
12:33 Ancient of War
13:06 Ancient Protector
13:11 Tree of Eternity
13:11 Tree of Eternity
13:11 Tree of Eternity
13:50 Moon Well
13:52 Moon Well
13:58 Moon Well
14:03 Moon Well
18:56 Ancient of War
18:57 Ancient of War
21:48 Altar of Elders
21:50 Moon Well
» items
| Scroll of Town Portal | 1 | |
| Scroll of Protection | 1 | |
2 total

»
BBB3 (
purple | 41 APM | 464 actions | 11:20)
3 Demon Hunter
1 Immolation
1 Mana Burn
1 Evasion
» actions
| Basic commands | 67 | |
| Build / train | 26 | |
| ESC pressed | 6 | |
| Enter build submenu | 16 | |
| Enter hero's abilities submenu | 3 | |
| Remove unit from queue | 1 | |
| Right click | 185 | |
| Select / deselect | 133 | |
| Use ability | 27 | |
464 total
» units
» buildings
| Altar of Elders | 1 | |
| Moon Well | 5 | |
| Hunter's Hall | 2 | |
| Ancient of War | 2 | |
| Tree of Ages | 1 | |
11 total
» build order
00:38 Altar of Elders
00:41 Moon Well
01:44 Hunter's Hall
02:00 Moon Well
02:26 Moon Well
03:08 Hunter's Hall
03:14 Ancient of War
03:19 Ancient of War
04:17 Moon Well
07:36 Tree of Ages
07:41 Moon Well
team 2 (winner)

»
RaidersOfLostBM (
pink | 65 APM | 1711 actions | 26:24)
5 Archmage
3 Blizzard
2 Brilliance Aura
4 Mountain King
2 Storm Bolt
2 Thunder Clap
1 Paladin
1 Holy Light
» actions
| Assign group hotkey | 32 | |
| Basic commands | 50 | |
| Build / train | 76 | |
| ESC pressed | 49 | |
| Enter build submenu | 35 | |
| Enter hero's abilities submenu | 10 | |
| Give item / drop item | 2 | |
| Right click | 496 | |
| Select / deselect | 514 | |
| Select group hotkey | 336 | |
| Use ability | 110 | |
1711 total
» units
| Peasant | 17 | |
| Footman | 3 | |
| Rifleman | 14 | |
| Sorceress | 2 | |
| Priest | 1 | |
37 total
» upgrades
| Masonry | 2 | |
| Gunpowder | 3 | |
| Long Rifles | 1 | |
| Armor | 2 | |
| Magic Sentry | 1 | |
| Sorceress Training | 2 | |
| Priest Training | 2 | |
13 total
» buildings
| Barracks | 5 | |
| Altar of Kings | 2 | |
| Farm | 13 | |
| Lumber Mill | 2 | |
| Scout Tower | 6 | |
| Arcane Tower | 1 | |
| Blacksmith | 2 | |
| Arcane Vault | 1 | |
| Keep | 4 | |
| Arcane Sanctum | 2 | |
| Castle | 1 | |
| Town Hall | 1 | |
| Guard Tower | 3 | |
43 total
» build order
00:12 Barracks
00:15 Altar of Kings
01:11 Farm
01:26 Farm
01:31 Farm
01:40 Lumber Mill
02:16 Scout Tower
02:46 Arcane Tower
02:55 Farm
02:58 Farm
03:15 Blacksmith
04:22 Barracks
04:25 Barracks
05:01 Arcane Vault
05:10 Keep
05:13 Keep
05:14 Keep
06:02 Farm
08:00 Arcane Sanctum
08:06 Arcane Sanctum
08:16 Farm
08:17 Farm
08:23 Farm
10:09 Castle
14:23 Town Hall
16:02 Scout Tower
19:00 Barracks
19:04 Barracks
19:05 Altar of Kings
19:08 Farm
20:13 Blacksmith
21:16 Scout Tower
21:18 Scout Tower
21:23 Lumber Mill
21:39 Scout Tower
21:49 Scout Tower
22:04 Farm
22:06 Guard Tower
22:37 Guard Tower
23:57 Guard Tower
24:54 Farm
25:23 Farm
» items
| Potion of Healing | 3 | |
| Orb of Fire | 1 | |
4 total

»
PeonsAteMyExpos (
blue | 174 APM | 4585 actions | 26:23)
8 Pandaren Brewmaster
3 Breath of Fire
3 Drunken Haze
1 Storm Earth and Fire
1 Drunken Brawler
» actions
| Assign group hotkey | 255 | |
| Basic commands | 405 | |
| Build / train | 148 | |
| ESC pressed | 21 | |
| Enter build submenu | 53 | |
| Enter hero's abilities submenu | 10 | |
| Give item / drop item | 1 | |
| Right click | 1776 | |
| Select / deselect | 876 | |
| Select group hotkey | 890 | |
| Use ability | 150 | |
4585 total
» units
| Wisp | 85 | |
| Archer | 7 | |
| Dryad | 13 | |
| Hippogryph | 6 | |
| Druid of the Talon | 3 | |
114 total
» upgrades
| Strength of the Wild | 2 | |
| Reinforced Hides | 2 | |
| Druid of the Talon Training | 1 | |
| Strength of the Moon | 1 | |
| Moon Armor | 1 | |
| Nature's Blessing | 1 | |
8 total
» buildings
| Moon Well | 5 | |
| Ancient of War | 2 | |
| Altar of Elders | 1 | |
| Tree of Life | 7 | |
| Hunter's Hall | 1 | |
| Tree of Ages | 1 | |
| Ancient Protector | 26 | |
| Ancient of Wonders | 2 | |
| Ancient of Lore | 2 | |
| Ancient of Wind | 3 | |
| Tree of Eternity | 1 | |
51 total
» build order
00:21 Moon Well
00:50 Ancient of War
00:58 Moon Well
01:28 Altar of Elders
02:09 Ancient of War
03:26 Moon Well
04:32 Tree of Life
04:59 Hunter's Hall
06:15 Tree of Ages
06:45 Ancient Protector
07:33 Tree of Life
08:05 Tree of Life
09:01 Ancient of Wonders
09:57 Ancient of Lore
09:58 Ancient of Lore
10:05 Ancient Protector
10:21 Tree of Life
10:50 Tree of Life
11:16 Tree of Life
11:19 Ancient Protector
11:19 Ancient Protector
11:20 Ancient Protector
11:31 Ancient Protector
11:32 Ancient Protector
11:45 Ancient Protector
11:48 Ancient Protector
12:06 Ancient Protector
12:14 Ancient Protector
12:27 Ancient Protector
12:29 Ancient Protector
12:42 Ancient Protector
12:43 Ancient Protector
13:20 Ancient Protector
13:27 Ancient of Wonders
15:38 Moon Well
17:13 Ancient of Wind
17:14 Ancient of Wind
17:17 Ancient of Wind
18:01 Ancient Protector
18:01 Ancient Protector
18:05 Ancient Protector
18:45 Tree of Life
18:47 Ancient Protector
19:24 Ancient Protector
19:25 Ancient Protector
22:41 Ancient Protector
22:41 Ancient Protector
22:42 Ancient Protector
24:00 Moon Well
24:56 Tree of Eternity
» items
| Scroll of Town Portal | 3 | |
| Potion of Healing | 1 | |
| Scroll of Healing | 2 | |
| Boots of Speed | 1 | |
| Potion of Lesser Invulnerability | 1 | |
| Staff of Teleportation | 1 | |
9 total

»
Cokee (
teal | 60 APM | 1586 actions | 26:23)
7 Archmage
3 Summon Water Elemental
2 Brilliance Aura
1 Blizzard
1 Mass Teleport
6 Blood Mage
3 Flame Strike
2 Banish
1 Summon Phoenix
» actions
| Assign group hotkey | 27 | |
| Build / train | 78 | |
| Enter build submenu | 28 | |
| Enter hero's abilities submenu | 13 | |
| Right click | 542 | |
| Select / deselect | 249 | |
| Select group hotkey | 569 | |
| Use ability | 80 | |
1586 total
» units
| Peasant | 11 | |
| Footman | 4 | |
| Rifleman | 8 | |
| Sorceress | 4 | |
| Priest | 4 | |
31 total
» upgrades
| Long Rifles | 1 | |
| Lumber Harvesting | 2 | |
| Magic Sentry | 1 | |
| Gunpowder | 3 | |
| Priest Training | 2 | |
| Sorceress Training | 3 | |
| Armor | 2 | |
| Masonry | 1 | |
15 total
» buildings
| Altar of Kings | 1 | |
| Farm | 15 | |
| Barracks | 2 | |
| Lumber Mill | 1 | |
| Scout Tower | 3 | |
| Arcane Tower | 2 | |
| Blacksmith | 1 | |
| Arcane Vault | 1 | |
| Guard Tower | 1 | |
| Keep | 1 | |
| Town Hall | 2 | |
| Arcane Sanctum | 2 | |
| Castle | 1 | |
33 total
» build order
00:18 Altar of Kings
00:32 Farm
00:55 Barracks
01:11 Farm
01:23 Lumber Mill
01:57 Scout Tower
02:29 Farm
02:39 Arcane Tower
02:43 Scout Tower
02:48 Blacksmith
02:58 Scout Tower
03:12 Farm
03:18 Arcane Vault
03:36 Barracks
03:46 Arcane Tower
03:49 Guard Tower
04:03 Farm
04:21 Farm
04:41 Keep
05:07 Farm
05:12 Farm
05:58 Farm
06:44 Farm
07:38 Farm
08:20 Town Hall
08:28 Arcane Sanctum
08:37 Farm
09:08 Arcane Sanctum
09:26 Farm
09:37 Castle
10:13 Farm
11:07 Farm
23:52 Town Hall
» items
| Periapt of Vitality | 1 | |
| Scroll of Regeneration | 4 | |
| Orb of Fire | 2 | |
| Scroll of Town Portal | 3 | |
| Potion of Healing | 2 | |
12 total
conmaster (
red | 34 APM | 909 actions | 26:23)
7 Archmage
1 Summon Water Elemental
3 Brilliance Aura
2 Blizzard
1 Mass Teleport
» actions
| Assign group hotkey | 1 | |
| Basic commands | 123 | |
| Build / train | 101 | |
| ESC pressed | 2 | |
| Enter build submenu | 24 | |
| Enter hero's abilities submenu | 7 | |
| Give item / drop item | 2 | |
| Right click | 203 | |
| Select / deselect | 380 | |
| Use ability | 66 | |
909 total
» units
| Peasant | 17 | |
| Footman | 8 | |
| Knight | 15 | |
| Priest | 11 | |
| Siege Engine | 11 | |
62 total
» upgrades
| Masonry | 3 | |
| Lumber Harvesting | 2 | |
| Swords | 2 | |
| Animal War Training | 1 | |
| Plating | 2 | |
| Barrage | 1 | |
| Gunpowder | 3 | |
| Priest Training | 1 | |
15 total
» buildings
| Lumber Mill | 1 | |
| Altar of Kings | 1 | |
| Barracks | 2 | |
| Farm | 9 | |
| Keep | 1 | |
| Town Hall | 3 | |
| Arcane Vault | 1 | |
| Castle | 1 | |
| Blacksmith | 1 | |
| Arcane Sanctum | 1 | |
| Workshop | 3 | |
24 total
» build order
00:13 Lumber Mill
00:19 Altar of Kings
00:33 Barracks
00:56 Farm
01:37 Farm
02:03 Barracks
02:23 Farm
03:11 Farm
03:21 Keep
05:10 Town Hall
05:27 Arcane Vault
06:16 Castle
07:38 Blacksmith
08:59 Arcane Sanctum
09:35 Farm
10:28 Workshop
10:32 Farm
11:15 Farm
12:57 Farm
13:39 Workshop
14:17 Workshop
15:01 Farm
19:38 Town Hall
25:16 Town Hall
» items
| Scroll of Regeneration | 2 | |
| Lesser Clarity Potion | 2 | |
| Potion of Healing | 3 | |
| Orb of Fire | 1 | |
| Scroll of Town Portal | 3 | |
| Potion of Lesser Invulnerability | 1 | |
| Scroll of Protection | 1 | |
| Staff of Teleportation | 1 | |
14 total
Chat log
(00:15 / All) unknown_noob: seriously
(00:24 / All) PeonsAteMyExpos: what's up
(00:38 / All) unknown_noob: u 2 vs me
(00:45 / All) PeonsAteMyExpos: someone had to get matched against
(00:51 / All) RaidersOfLostBM: You saw how I played last last game
(00:52 / All) PeonsAteMyExpos: o.o
(00:54 / All) unknown_noob: no there is room for me over there
(00:56 / All) RaidersOfLostBM: I don't think I"m a huge factor here
(01:15 / All) PeonsAteMyExpos: dammit im teaching you all how to block your bases
(01:16 / All) PeonsAteMyExpos: as human
(01:39 / All) PeonsAteMyExpos: i mean shit, i invented sim city
(01:47 / All) unknown_noob: oh here we go
(02:06 / All) unknown_noob: yeah mass hookers last game
(02:22 / Allies) RaidersOfLostBM: hard tehc
(02:24 / Allies) RaidersOfLostBM: from jedi
(02:29 / All) PeonsAteMyExpos: oh lawd
(02:45 / Allies) conmaster: rush there then
(02:55 / Allies) PeonsAteMyExpos: how you gonna rush
(03:02 / Allies) conmaster: lol
(03:13 / Allies) PeonsAteMyExpos: panda
(03:53 / All) RaidersOfLostBM: shit
(03:59 / Allies) PeonsAteMyExpos: orange is going wyrms
(04:00 / All) BBB3: lol
(04:01 / Allies) PeonsAteMyExpos: so
(04:03 / Allies) PeonsAteMyExpos: be ready for it
(04:07 / All) RaidersOfLostBM: tried to get out of the blizz
(04:10 / All) RaidersOfLostBM: not fast enough
(04:16 / All) unknown_noob: ur right heros overrated
(04:25 / All) PeonsAteMyExpos: agreed
(04:28 / All) RaidersOfLostBM: that was a bad example
(04:52 / All) RaidersOfLostBM: just like all balance suggestions on the battle.net forums
(05:04 / All) PeonsAteMyExpos: lol
(05:11 / All) unknown_noob: pies that was almost Talons bad
(05:15 / All) PeonsAteMyExpos: lol
(05:16 / All) PeonsAteMyExpos: <3
(05:17 / Allies) RaidersOfLostBM: h
(05:17 / All) RaidersOfLostBM: hah
(05:27 / All) PeonsAteMyExpos: MY NAME IS GENERAL TALONS
(05:30 / All) PeonsAteMyExpos: AND I LOSE SIX TANKS TO JEEPS
(05:35 / All) unknown_noob: lmao
(06:48 / All) RaidersOfLostBM: did green not get breath or something?
(07:01 / All) unknown_noob: he got windwalk
(07:07 / All) RaidersOfLostBM: he just hazed and then hid
(07:27 / All) PeonsAteMyExpos: sounds like me in high school
(07:28 / All) PeonsAteMyExpos: t.t
(07:36 / All) RaidersOfLostBM: lol
(08:24 / Allies) PeonsAteMyExpos: going dryad
(09:09 / Allies) PeonsAteMyExpos: coming to you pink
(11:13 / Allies) PeonsAteMyExpos: nvm
(11:22 / Allies) RaidersOfLostBM: lol
(11:23 / All) unknown_noob: lmao
(11:30 / All) RaidersOfLostBM: Impressive
(11:52 / All) unknown_noob: the pro-ness is overwhelming
(11:57 / All) PeonsAteMyExpos: t.t
(12:04 / All) PeonsAteMyExpos: who uprooted
(12:12 / All) unknown_noob: ME
(12:17 / All) PeonsAteMyExpos: alright o.o
(13:08 / Allies) PeonsAteMyExpos: i got no tp
(13:10 / Allies) PeonsAteMyExpos: gonna go get one
(13:15 / Allies) RaidersOfLostBM: i'll tp if i need to
(13:40 / Allies) RaidersOfLostBM: shiiiit
(13:43 / Allies) PeonsAteMyExpos: coming asap
(13:54 / Allies) PeonsAteMyExpos: portal.
(14:28 / Allies) RaidersOfLostBM: grabbing the center south exp
(14:33 / Allies) PeonsAteMyExpos: kk
(15:06 / Allies) RaidersOfLostBM: anyone got extra wood?
(15:15 / Allies) RaidersOfLostBM: thanks
(15:50 / Allies) RaidersOfLostBM: manual of health here
(15:53 / Allies) RaidersOfLostBM: for whoever wants to grab
(15:55 / Allies) PeonsAteMyExpos: kk
(16:46 / All) xavier8: fagg FIGHT
(16:49 / All) PeonsAteMyExpos: why
(16:50 / All) RaidersOfLostBM: lol
(17:06 / Allies) PeonsAteMyExpos: b
(17:25 / Allies) PeonsAteMyExpos: gonna portal right back in
(17:27 / Allies) PeonsAteMyExpos: bunker down
(17:38 / Allies) RaidersOfLostBM: i'm in trouble
(17:47 / Allies) PeonsAteMyExpos: comin
(18:13 / Allies) RaidersOfLostBM: more wood please if you got
(18:51 / Allies) PeonsAteMyExpos: regroup.
(18:52 / Allies) PeonsAteMyExpos: Should be okay.
(19:11 / Allies) RaidersOfLostBM: damn
(19:13 / Allies) PeonsAteMyExpos: getting as many hippos as possible
(19:17 / Allies) RaidersOfLostBM: jedi spotted my exp
(19:23 / Allies) RaidersOfLostBM: has had an acolyte there for who knows how long
(19:30 / All) RaidersOfLostBM: oh you sneaky bastard
(19:39 / Allies) conmaster: gold
(19:40 / Allies) PeonsAteMyExpos: lumber now plz
(19:50 / Allies) PeonsAteMyExpos: thx
(20:05 / All) RaidersOfLostBM: i do that in starcraft a lot
(20:10 / Allies) conmaster: defend at teal
(20:13 / Allies) PeonsAteMyExpos: plan on it
(20:18 / All) unknown_noob: iknow u were my best distraction
(20:22 / Allies) conmaster: mine dude
(20:26 / All) RaidersOfLostBM: lol
(20:34 / Allies) PeonsAteMyExpos: its a fucking tower
(20:36 / Allies) PeonsAteMyExpos: im not killing it
(20:47 / Allies) RaidersOfLostBM: trying to get my heroes back
(22:33 / All) RaidersOfLostBM: yikes that was brutal
(22:47 / Allies) PeonsAteMyExpos: hmmm
(22:49 / Allies) PeonsAteMyExpos: we got this
(22:51 / Allies) RaidersOfLostBM: omw to green
(23:35 / All) xavier8: useless people
(23:39 / All) PeonsAteMyExpos: youre not good
(23:40 / All) PeonsAteMyExpos: stfu
(23:47 / All) PeonsAteMyExpos: 1101-1139
(23:50 / All) PeonsAteMyExpos: and you're complaining about others?
(23:51 / All) PeonsAteMyExpos: blame yourself
(23:52 / All) PeonsAteMyExpos: holy crap
(23:58 / All) xavier8: yeah CAUSE of TEAM MATES BLOW
(24:03 / All) PeonsAteMyExpos: 1v1 or shut the fuck up
(24:04 / All) RaidersOfLostBM: lol
(24:07 / All) PeonsAteMyExpos: and we'll see who the problem is
(24:15 / All) xavier8: any moment FAGG
(24:17 / All) PeonsAteMyExpos: ok
(24:18 / All) PeonsAteMyExpos: make pies
(24:20 / All) RaidersOfLostBM: k
(24:29 / All) RaidersOfLostBM: yeah green channel forum
(24:30 / All) unknown_noob: ooo do we have a taker
(24:30 / All) xavier8: you are the challenger
(25:16 / All) RaidersOfLostBM: If for some reason I can't host it shouldn't take more than a couple minutes to fiddle witht he ip settings again
(25:23 / All) PeonsAteMyExpos: jedi can host probably
(25:24 / All) unknown_noob: i can
(25:38 / All) RaidersOfLostBM: ok
(25:49 / All) unknown_noob: NO
(26:02 / All) RaidersOfLostBM: Yeah
(26:04 / All) RaidersOfLostBM: I bounced back
(26:05 / All) RaidersOfLostBM: It happens
(26:11 / All) RaidersOfLostBM: ok
(26:14 / All) unknown_noob: he had 4k
(26:15 / All) RaidersOfLostBM: let's see if he shows up
(26:19 / All) PeonsAteMyExpos: duh jedi
(26:21 / All) PeonsAteMyExpos: bad players
(26:22 / All) PeonsAteMyExpos: always have 4k